 Dungeon Crawl Stone Soup version 0.30.0-15-g856e2d3f33 (webtiles) character file.

Game seed: 3369885042990848248

1963 Firecrotchwizard the Cleaver (level 9, -17/81 HPs)
             Began as a Hill Orc Monk on May 20, 2023.
             Was a Believer of Beogh.
             Demolished by Joseph
             ... wielding a +0 quarterstaff
              (27 damage)
             ... on level 6 of the Dungeon.
             The game lasted 00:09:20 (5865 turns).

Firecrotchwizard the Cleaver (Hill Orc Monk)        Turns: 5865, Time: 00:09:20

Health: -17/81     AC: 12    Str: 18    XL:     9   Next: 19%
Magic:  3/3        EV: 10    Int: 13    God:    Beogh [**....]
Gold:   106        SH:  0    Dex: 13    Spells: 8/8 levels left

rFire   . . .        l - +6 trident of Slow Death {antimagic, Int+3}
rCold   + + .        d - orb {light}
rNeg    + . .        n - +0 scale mail
rPois   +            (no helmet)
rElec   .            (no cloak)
rCorr   .            v - +2 pair of gloves "Trusted Companion" {rPois rC++ rN+ Will-}
SInv    .            j - +0 pair of boots
Will    .....        (no amulet) Stlth
                     s - ring of willpower
HPRegen 0.33/turn    (no ring)
MPRegen 0.08/turn

%: no passive effects
@: glowing
A: no striking features
a: Renounce Religion, Smiting


You were on level 6 of the Dungeon.
You worshipped Beogh.
Beogh was pleased with you.
You visited 1 branch of the dungeon, and saw 7 of its levels.

You collected 362 gold pieces.
You spent 256 gold pieces at shops.

Inventory:

Hand Weapons
 a - a +0 hand axe
 l - the +6 trident of Slow Death (weapon) {antimagic, Int+3}
   (You found it on level 2 of the Dungeon)

   Int:       It affects your intelligence (+3).
Missiles
 m - 4 poisoned darts (quivered)
Armour
 b - a +0 robe
 d - an orb of light (worn)
 j - a +0 pair of boots (worn)
 n - a +0 scale mail (worn)
 v - the +2 pair of gloves "Trusted Companion" (worn) {rPois rC++ rN+ Will-}
   (You bought it in a shop on level 2 of the Dungeon)

   rC:        It greatly protects you from cold.
   rPois:     It protects you from poison.
   rN:        It protects you from negative energy.
   Will:      It decreases your willpower.
Jewellery
 p - a ring of see invisible
 r - a ring of wizardry
 s - a ring of willpower (left hand)
Wands
 u - a wand of iceblast (11)
Scrolls
 g - a scroll of amnesia
 i - 2 scrolls of identify
 t - 4 scrolls of teleportation
 w - a scroll of butterflies
Potions
 c - a potion of ambrosia
 e - 2 potions of curing
 f - 2 potions of flight
 h - a potion of might {unknown}
 k - 3 potions of mutation
 o - 2 potions of heal wounds
 q - a potion of lignification {unknown}
 x - a potion of magic {unknown}
 z - a potion of attraction {unknown}


   Skills:
 + Level 7.9 Fighting
 + Level 11.3 Axes
 + Level 6.2 Armour
 - Level 2.4 Dodging
 + Level 1.7 Invocations


You had 8 spell levels left.
You didn't know any spells.
Your spell library contained the following spells:

 Spells                   Type           Power      Damage    Failure   Level
 Summon Small Mammal      Summ           0%         N/A       65%         1
 Ensorcelled Hibernation  Hex/Ice        0%         N/A       80%         2
 Lesser Beckoning         Tloc           0%         N/A       80%         2
 Sublimation of Blood     Necr           0%         N/A       80%         2
 Call Canine Familiar     Summ           0%         N/A       95%         3
 Gell's Gravitas          Tloc           0%         N/A       95%         3
 Portal Projectile        Hex/Tloc       0%         N/A       95%         3
 Spider Form              Tmut/Pois      0%         N/A       95%         3
 Summon Guardian Golem    Hex/Summ       0%         N/A       95%         3
 Teleport Other           Tloc           0%         N/A       95%         3
 Tukima's Dance           Hex            0%         N/A       95%         3
 Anguish                  Hex/Necr       0%         N/A       100%        4
 Leda's Liquefaction      Hex/Erth       0%         N/A       100%        4
 Petrify                  Tmut/Erth      0%         N/A       100%        4
 Blade Hands              Tmut           0%         N/A       100%        5
 Irradiate                Conj/Tmut      0%         3d11      100%        5


Dungeon Overview and Level Annotations

Branches:
Dungeon (7/15)
 Temple: D:4-7

Altars:
Hepliaklqana
Nemelex Xobeh
Ru

Shops:
D:2 *

Annotations:
D:3 1 runed translucent door, Crazy Yiuf
D:6 Joseph


Message History

(D) Dungeon
Where to? (Enter - D:2 @ (x,y), ? - help)
There is a stone staircase leading down here.
You climb downwards.
Level annotation: 1 runed translucent door, Crazy Yiuf
There is a stone staircase leading up here.
There is an open door here.
There is an open door here.
There is an open door here.
You see here 3 stones.
Key pressed, stopping explore.
(D) Dungeon
Where to? (Enter - D:3, ? - help)
You see here 3 stones.
There is an open door here.
There is an open door here.
There is a stone staircase leading down here.
You climb downwards.
There is a stone staircase leading up here.
Done exploring.
(D) Dungeon
Where to? (Enter - D:4, ? - help)
There is an open door here.
There is an open door here.
There is a stone staircase leading down here.
You climb downwards.
There is a stone staircase leading up here.
Found 3 stones.
(D) Dungeon
Where to? (Enter - D:5, ? - help)
There is a stone staircase leading up here.
There is a stone staircase leading down here.
You climb downwards.
There is a stone staircase leading up here.
(D) Dungeon
Where to? (Enter - D:6, ? - help)
There is a stone staircase leading down here.
You climb downwards.
Menkaure shouts!
You hear a shout!
Menkaure gestures at you while chanting.
Pain shoots through your body!
Found 6 gold pieces and a rapier.
Found a stone staircase leading down.
There is a stone staircase leading up here.
You reach to attack!
You puncture Menkaure!
Menkaure's magic leaks into the air.
Menkaure is moderately damaged.
Menkaure's magic is no longer disrupted.
You reach to attack!
You hit Menkaure.
Menkaure's magic leaks into the air.
Menkaure is severely damaged.
You puncture Menkaure!
You destroy Menkaure!
Beogh accepts your kill.
Joseph, a Mercenary comes into view.
He is wielding a +0 quarterstaff and carrying a wand of flame (14).
A black bear comes into view.
Joseph unwields a +0 quarterstaff.
Joseph wields a +0 sling.
Joseph shoots a sling bullet.
The sling bullet misses you.
The black bear growls angrily.
You reach to attack!
You puncture Joseph!
Joseph is moderately wounded.
You hear an angry growl.
Joseph zaps a wand.
The puff of flame hits you!
You reach to attack!
You hit Joseph.
Joseph is moderately wounded.
Joseph shoots a sling bullet.
The sling bullet closely misses you.
You reach to attack!
You puncture Joseph!
Joseph is heavily wounded.
Joseph shoots a sling bullet.
The sling bullet hits you.
You reach to attack!
You barely miss Joseph.
Joseph is heavily wounded.
A black bear comes into view.
Joseph shoots a sling bullet.
The sling bullet barely misses you.
You reach to attack!
You hit Joseph but do no damage.
Joseph is heavily wounded.
Joseph unwields a +0 sling.
Joseph wields a +0 quarterstaff.
Joseph drinks a potion.
Joseph goes berserk!
You reach to attack!
You barely miss Joseph.
Joseph is heavily wounded.
Joseph hits you with a +0 quarterstaff!!
You barely miss Joseph.
Joseph is heavily wounded.
Joseph hits you with a +0 quarterstaff!
* * * LOW HITPOINT WARNING * * *
Joseph hits you but does no damage.
There is a stone staircase leading up here.
Joseph barely misses you.
You climb upwards.
There is a stone staircase leading down here.
You puncture Joseph!
Joseph is heavily wounded.
Joseph closely misses you. Joseph hits you with a +0 quarterstaff!
* * * LOW HITPOINT WARNING * * *
You puncture Joseph!
Joseph is heavily wounded.
Joseph hits you with a +0 quarterstaff!
* * * LOW HITPOINT WARNING * * *
You puncture Joseph!
Joseph is severely wounded.
Joseph hits you with a +0 quarterstaff!!
You die...

............# #.# ##.###
............#######.# ##.....
..#.................# ##.....#
.#................### ##......#
.#................### #.......#
##.............(....## ##.......#
##...)...............###........#
#.................##..#.......#..
##..............@.###........####
####..<.......@.## ########## #
##############


You could see Joseph (berserk).

Vanquished Creatures
  Prince Ribbit (D:5)
  Grinder (D:3)
  A steam dragon (D:6)
  Menkaure (D:7)
  An ogre (D:6)
  2 black bears (D:5)
  An ice beast (D:5)
  3 scorpions
  3 wights (D:6)
  2 orc priests (D:6)
  3 jellies
  3 hounds
  2 iguanas
  Natasha (thrice) (D:3)
  An orc wizard (D:6)
  3 gnolls (D:4)
  14 adders
  2 shadow imps
  An ufetubus (D:4)
  2 worms
  2 dart slugs
  8 orcs
  8 endoplasms
  2 giant cockroaches
  8 goblins
  7 hobgoblins
  3 quokkas
  8 ball pythons
  A frilled lizard (D:3)
  4 kobolds
  3 rats
104 creatures vanquished.

Notes
Turn   | Place    | Note
-------+----------+-------------------------------------------
     0 | D:1      | Firecrotchwizard the Hill Orc Monk began the quest for the
                  | Orb.
     0 | D:1      | Reached XP level 1. HP: 19/19 MP: 1/1
   320 | D:1      | Reached XP level 2. HP: 25/27 MP: 2/2
   375 | D:2      | Found a sacrificial altar of Ru.
   414 | D:2      | Found Biex Tie's Assorted Antiques.
   475 | D:2      | Reached skill level 1 in Armour
   505 | D:2      | Reached XP level 3. HP: 20/33 MP: 3/3
   630 | D:2      | Reached skill level 5 in Axes
   727 | D:2      | Identified the +6 trident of Slow Death {antimagic, Int+3}
  1000 | D:3      | Reached XP level 4. HP: 40/40 MP: 1/4
  1117 | D:3      | Noticed Natasha
  1127 | D:3      | Killed Natasha
  1271 | D:3      | Noticed Natasha
  1273 | D:3      | Killed Natasha
  1274 | D:3      | Reached skill level 6 in Axes
  1274 | D:3      | Reached XP level 5. HP: 47/47 MP: 1/5
  1293 | D:3      | Noticed Natasha
  1298 | D:3      | Killed Natasha
  1464 | D:3      | Found a runed translucent door.
  1465 | D:3      | Noticed Crazy Yiuf
  1561 | D:3      | Noticed Grinder
  1571 | D:3      | Killed Grinder
  1572 | D:3      | Reached skill level 5 in Fighting
  1572 | D:3      | Reached skill level 7 in Axes
  1572 | D:3      | Reached XP level 6. HP: 47/56 MP: 2/6
  2222 | D:4      | Reached XP level 7. HP: 28/61 MP: 2/7
  2452 | D:4      | Found a hazy altar of Hepliaklqana.
  2674 | D:5      | Entered Level 5 of the Dungeon
  2681 | D:5      | Reached skill level 8 in Axes
  3186 | D:5      | Noticed Prince Ribbit
  3202 | D:5      | Killed Prince Ribbit
  3203 | D:5      | Reached skill level 9 in Axes
  3203 | D:5      | Reached XP level 8. HP: 8/71 MP: 2/8
  3622 | D:5      | Reached skill level 5 in Armour
  3636 | D:5      | Reached skill level 10 in Axes
  4470 | D:6      | Became a worshipper of Beogh the Brigand
  4470 | D:6      | Reached * piety under Beogh
  4470 | D:6      | Reached ** piety under Beogh
  4601 | D:6      | Reached skill level 11 in Axes
  4601 | D:6      | Reached XP level 9. HP: 76/79 MP: 3/9
  4940 | D:6      | Found a sparkling altar of Nemelex Xobeh.
  4949 | D:6      | Reached skill level 1 in Invocations
  5370 | D:2      | Bought a pair of shimmering gloves for 256 gold pieces
  5370 | D:2      | Identified the +2 pair of gloves "Trusted Companion" {rPois
                  | rC++ rN+ Will-} (You bought it in a shop on level 2 of the
                  | Dungeon)
  5847 | D:7      | Noticed Menkaure
  5851 | D:7      | Killed Menkaure
  5851 | D:7      | Noticed Joseph
  5865 | D:6      | Demolished by Joseph

Illustrated notes

Levels and vault maps discovered:
D:1:      erik_arrival_orb_chamber, layout_basic,
          ebering_ecumenical_altar_petrified, serial_shops, nicolae_shop_stone
D:2:      layout_loops_ring, serial_shops, nicolae_lakefront_shop, basic_altar,
          chequers_serial_rivers_small_a
D:3:      layout_basic, grunt_ministairs_11, saegor_snake_ambush, uniq_grinder,
          uniq_natasha, uniq_crazy_yiuf_cottage
D:4:      layout_loops_ring, mainiacjoe_overflow_surrounded_room,
          kennysheep_generic_room_13
D:5:      layout_loops_cross, gup_sewer_entry_glass, minivault_11,
          uniq_prince_ribbit1
D:6:      layout_cave_pods, nemelex_dance_club_becter, serial_co_window_serial,
          co_window_paths_a, co_window_corner_a, co_window_paths_b,
          co_window_paths_b, co_window_paths_a, co_window_paths_b,
          co_window_corner_b, co_window_of_opportunity_b,
          co_window_unsneaky_path_e, co_window_unsneaky_path_b,
          co_window_of_opportunity_c, co_window_broadway_a, glass_columns_a,
          glass_columns_b, glass_columns_a, glass_columns_a, glass_columns_a
D:7:      layout_basic, grunt_temple_overflow_gold_and_silver,
          minmay_temple_entry_statues_fountains, chequers_garden, uniq_joseph,
          uniq_menkaure

Skill      XL: |  1  2  3  4  5  6  7  8  9 |
---------------+----------------------------+-----
Armour         | 1 2 3 4 5 6 |  6.2
Fighting       | 4 5 6 7 |  7.9
Axes           | 5 6 7 9 11 | 11.3
Invocations    | 1 |  1.7
Dodging        | |  2.4

Action                     |  1- 3 |  4- 6 |  7- 9 || total
---------------------------+-------+-------+-------++-------
  Melee: Hand axe          |    46 |       |       ||    46
         Trident           |    12 |    93 |   160 ||   265
 Invoke: Convert to Beogh  |       |       |     1 ||     1
    Use: Scroll            |       |       |    12 ||    12
 Armour: Robe              |     7 |       |       ||     7
         Scale mail        |       |    31 |    60 ||    91
  Dodge: Dodged            |    27 |    31 |    61 ||   119
